 Dungeon Crawl Stone Soup version 0.29.1-15-g9cfb28693d (webtiles) character file.

Game seed: 853473778864800865

36 jtron the Trooper (level 3, -3/30 HPs)
             Began as a Demonspawn Chaos Knight on Feb 27, 2023.
             Was a Plaything of Xom.
             Slain by an adder (4 damage)
             ... on level 1 of the Dungeon.
             The game lasted 00:03:32 (966 turns).

jtron the Trooper (Demonspawn Chaos Knight)          Turns: 966, Time: 00:03:33

Health: -3/30      AC:  5    Str: 12    XL:     3   Next: 19%
Magic:  3/3        EV: 11    Int: 13    God:    Xom [..*...]
Gold:   39         SH:  0    Dex: 14    Spells: 2/2 levels left

rFire   . . .      SeeInvis .   a - +0 mace (chaos)
rCold   . . .      Faith    .   (no shield)
rNeg    . . .      Spirit   .   d - +2 leather armour
rPois   .          Reflect  .   (no helmet)
rElec   .          Harm     .   (no cloak)
rCorr   .          Rampage  .   (no gloves)
Will    .....                   (no boots)
Stlth   +.........              (no amulet)
HPRegen 0.00/turn               (no ring)
MPRegen 0.08/turn               (no ring)

@: attractive, inhibited regen
A: claws 1, powered by death 1, inhibited regeneration, evolution 1
a: Renounce Religion


You were on level 1 of the Dungeon.
You worshipped Xom.
You were a toy of Xom.
You visited 1 branch of the dungeon, and saw 2 of its levels.

You collected 39 gold pieces.

Inventory:

Hand Weapons
 a - a +0 mace of chaos (weapon)
 b - a +0 sling
Armour
 d - a +2 leather armour (worn)
Jewellery
 f - a +6 ring of dexterity
Scrolls
 g - a scroll of identify {unknown}
Miscellaneous
 c - a piece from Xom's chessboard (10/15) (quivered)


   Skills:
 * Level 3.8 Fighting
 + Level 3.0 Maces & Flails
 + Level 2.0 Armour
 + Level 0.8 Dodging
 + Level 0.4 Evocations


You had 2 spell levels left.
You didn't know any spells.
Your spell library was empty.

Dungeon Overview and Level Annotations

Branches:
Dungeon (2/15)

Altars:


Innate Abilities, Weirdness & Mutations

You have sharp fingernails.
You regenerate a little health from kills.
You do not regenerate when monsters are visible.
You have hidden genetic potential.


Message History

The adder poisons you!
You feel sick.
You closely miss the adder.
The adder is almost dead.
You feel sick. The adder barely misses you.
The gnoll hits you from afar with a +0 spear.
The adder attacks as you move away! The adder barely misses you.
You feel sick. The adder bites you.
You are more poisoned.
The adder poisons you!
Found 18 gold pieces.
You feel sick.
There is a stone staircase leading up here.
You feel sick. The gnoll misses you. The adder barely misses you.
You climb upwards.
You feel sick.
There is a stone staircase leading down here.
It was a potion of mutation.
You feel extremely strange.
Your regeneration stops near monsters.
Xom roars with laughter!
You feel a hidden potential growing inside you.
You feel sick.
The adder bites you but does no damage. x2
It was a potion of attraction.
You feel attractive to monsters.
You feel sick. The adder bites you.
* * * LOW HITPOINT WARNING * * *
You hit the adder but do no damage. Your claw misses the adder.
The adder is almost dead.
You feel sick.
You are no longer poisoned.
The adder bites you.
* * * LOW HITPOINT WARNING * * *
The adder barely misses you.
You barely miss the adder.
The adder is almost dead.
The adder closely misses you.
You closely miss the adder.
The adder is almost dead.
The adder bites you.
* * * LOW HITPOINT WARNING * * *
The adder bites you.
You die...

..# #..........#.#
.## ####.........#
.##### #.######).#
.....# #.# #..#
.....# #.# #..#
.)...# #.# #..#
.....# #.# #..#
....)####.######S.#
................@.#
#########(####.##.#
#####.# #..##.#
#...#.###.###.#
#...#.....# #.#
#...#..######.#
#.......)...#.#
#...#######.#.#
#...'.#.....#.#


You could see an adder.

Vanquished Creatures
  A dart slug (D:1)
  3 endoplasms (D:1)
  2 giant cockroaches
  2 goblins (D:1)
  2 hobgoblins
  2 jackals (D:1)
  3 quokkas (D:1)
  3 ball pythons
  4 bats (D:1)
  2 frilled lizards (D:1)
  5 kobolds (D:1)
  3 rats (D:1)
32 creatures vanquished.

Vanquished Creatures (others)
  A bat zombie (D:1)
1 creature vanquished.

Grand Total: 33 creatures vanquished

Notes
Turn   | Place    | Note
-------+----------+-------------------------------------------
     0 | D:1      | jtron the Demonspawn Chaos Knight began the quest for the
                  | Orb.
     0 | D:1      | Reached XP level 1. HP: 18/18 MP: 1/1
   341 | D:1      | Gained mutation: You regenerate a little health from kills.
                  | [demonic ancestry]
   341 | D:1      | Reached XP level 2. HP: 19/24 MP: 2/2
   469 | D:1      | XOM: 4-stop teleportation journey
   515 | D:1      | XOM: divination: magic mapping
   649 | D:1      | Gained mutation: You have sharp fingernails. [demonic
                  | ancestry]
   649 | D:1      | Reached XP level 3. HP: 30/30 MP: 3/3
   948 | D:2      | XOM: cast spell 'Summon Small Mammal'
   962 | D:1      | Gained mutation: You do not regenerate when monsters are
                  | visible. [potion of mutation]
   962 | D:1      | Gained mutation: You have hidden genetic potential. [potion
                  | of mutation]
   966 | D:1      | HP: 1/30 [adder (3)]
   966 | D:1      | Slain by an adder

Illustrated notes

Levels and vault maps discovered:
D:1:      dpeg_arrival_boxorama, layout_basic
D:2:      layout_loops_ring

Skill      XL: |  1  2 |
---------------+-------+-----
Maces & Flails | 3 |  3.0
Armour         | 2 |  2.0
Fighting       | |  3.8
Dodging        | |  0.8
Evocations     | |  0.4

Action                   || total
-------------------------++-------
Melee: Mace              ||    67
       Punch             ||     1
 Fire: Sling             ||     6
Evoke: Piece from Xom's  ||     5
  Use: Scroll            ||     3
       Potion            ||     2
 Stab: Petrifying        ||     1
       Sleeping          ||     1
Armor: Leather armour    ||    33
Dodge: Dodged            ||    46
